 Dungeon Crawl Stone Soup version 0.30-b1-2-g02819fbbbe (webtiles) character file.

Game seed: 10173445113255644390

5 Alarkh the Grasshopper (level 1, 0/16 HPs)
             Began as a Demonspawn Warper on May 28, 2023.
             Slain by a hobgoblin (4 damage)
             ... on level 1 of the Dungeon.
             The game lasted 00:00:29 (177 turns).

Alarkh the Grasshopper (Demonspawn Warper)           Turns: 177, Time: 00:00:30

Health: 0/16       AC:  3    Str: 11    XL:     1   Next: 66%
Magic:  3/3        EV:  9    Int: 14    God:
Gold:   14         SH:  6    Dex: 12    Spells: 4/4 levels left

rFire   . .          .
                       - Unarmed
rCold   . . .        d - +0 kite shield
rNeg    . . .        a - +0 leather armour
rPois   .            (no helmet)
rElec   .            (no cloak)
rCorr   .            (no gloves)
SInv    .            (no boots)
Will    .....        (no amulet)
Stlth   +            (no ring)
HPRegen 0.22/turn    (no ring)
MPRegen 0.08/turn

%: no passive effects
@: no status effects
A: no striking features
a: no special abilities


You were on level 1 of the Dungeon.
You visited 1 branch of the dungeon, and saw 1 of its levels.

You collected 14 gold pieces.

Inventory:

Missiles
 c - 7 boomerangs of dispersal (quivered)
Armour
 a - a +0 leather armour (worn)
 d - a +0 kite shield (worn)
Scrolls
 b - a scroll of blinking
Potions
 e - a potion of degeneration {unknown}


   Skills:
 - Level 2.0 Fighting
 - Level 0.8 Throwing
 - Level 0.8 Armour
 - Level 1.7 Dodging
 + Level 0.0 Shields
 * Level 2.2 Unarmed Combat
 - Level 2.0 Spellcasting
 - Level 2.6 Translocations


You had 4 spell levels left.
You didn't know any spells.
Your spell library contained the following spells:

 Spells                   Type           Power      Damage    Failure   Level
 Blink                    Tloc           16%        N/A       61%         2
 Lesser Beckoning         Tloc           16%        N/A       61%         2
 Teleport Other           Tloc           8%         N/A       83%         3
 Vhi's Electric Charge    Tloc/Air       10%        N/A       95%         3
 Manifold Assault         Tloc           8%         N/A       99%         4


Dungeon Overview and Level Annotations

Branches:
Dungeon (1/15)

Altars:


Message History

A hobgoblin is nearby!
A hobgoblin is nearby!
A goblin comes into view. It is wielding a +0 dagger.
Found a scroll labelled ZYLYIDIOTI.
The goblin shouts!
A hobgoblin comes into view.
The hobgoblin shouts!
You block the hobgoblin's attack.
You hit the hobgoblin but do no damage. The hobgoblin closely misses you.
You closely miss the hobgoblin. The hobgoblin hits you.
You barely miss the goblin. You block the goblin's attack.
The hobgoblin completely misses you.
You barely miss the goblin. The goblin hits you with a +0 dagger.
The hobgoblin barely misses you.
You miss the goblin. The goblin hits you but does no damage.
The hobgoblin hits you but does no damage.
You hit the goblin.
You kill the goblin!
The hobgoblin barely misses you. You block the hobgoblin's attack.
The hobgoblin barely misses you.
You hit the hobgoblin.
The hobgoblin is almost dead.
The hobgoblin closely misses you. The hobgoblin hits you.
You closely miss the hobgoblin.
The hobgoblin is almost dead.
The hobgoblin barely misses you.
The hobgoblin hits you but does no damage.
You hit the hobgoblin but do no damage.
The hobgoblin is almost dead.
You block the hobgoblin's attack. The hobgoblin closely misses you.
You barely miss the hobgoblin.
The hobgoblin is almost dead.
You block the hobgoblin's attack. x2
You closely miss the hobgoblin.
The hobgoblin is almost dead.
The hobgoblin hits you. You block the hobgoblin's attack.
The hobgoblin hits you. x2
* * * LOW HITPOINT WARNING * * *
The hobgoblin attacks as you move away! The hobgoblin hits you.
You die...

. .. .. ..# ..# .. ..
..## ..# ##.. .#...?.
.. ♣. #.... .#.....
.###.###.#.# ......
#.##...#...## .....
####.###.......##g#.#
#..........##..$@g..#
#........#..........#
#........#..........#
.....^...#..........#
.......................
#........#..........##.
..########...######## #
.## #[#.#
##########.#.#


You could see 2 hobgoblins.

Vanquished Creatures
  2 endoplasms (D:1)
  A hobgoblin (D:1)
  A goblin (D:1)
  A rat (D:1)
5 creatures vanquished.

Notes
Turn   | Place    | Note
-------+----------+-------------------------------------------
     0 | D:1      | Alarkh the Demonspawn Warper began the quest for the Orb.
     0 | D:1      | Reached XP level 1. HP: 16/16 MP: 3/3
   177 | D:1      | Slain by a hobgoblin

Illustrated notes

Levels and vault maps discovered:
D:1:      dpeg_arrival_orchard, layout_rooms, minmay_tree_intersection,
          minmay_split_cup_large

Skill      XL: |  1 |
---------------+----+-----
Unarmed Combat | 2 |  2.2
Fighting       | |  2.0
Throwing       | |  0.8
Armour         | |  0.8
Dodging        | |  1.7
Spellcasting   | |  2.0
Translocations | |  2.6

Action                     || total
---------------------------++-------
  Melee: Unarmed           ||    28
         Punch             ||     1
 Armour: Leather armour    ||     6
  Dodge: Dodged            ||    13
  Block: Kite shield       ||     8
